Map: Abyssal Reef LE

Players

Luna - Winner!

  • Race: Terran Terran
  • League: Silver
  • Spawn Location: 5:00

iPlayDefense

  • Race: Terran Terran
  • League: Silver
  • Spawn Location: 11:00

VOD

Have the link to the VOD?

Description

Time

  • Played on: April 17, 2025, 6:44 a.m.
  • Length: 6:32
Show
View Real Time Build Order
Export as new Build Order

Luna Terran - Winner!

Build Orders:  

Get SALT Encoding   

  12  0:04  SCV  
  13  0:16  SCV  
  14  0:31  Supply Depot  
  14  0:48  Supply Depot  
  14  0:59  Barracks  
  14  1:04  Refinery  
  14  1:16  SCV  
  15  1:28  SCV  
  15  1:30  Refinery  
  16  1:40  SCV  
  17  1:49  Marine  
  17  1:52  SCV  
  19  2:04  SCV  
  19  2:07  Marine  
  21  2:12  Factory  
  21  2:16  SCV  
  22  2:24  Marine  
  22  2:26  Ghost Academy  
  22  2:29  SCV  
  24  2:40  Supply Depot  
  24  2:42  Marine  
  25  2:49  Orbital Command  
  25  3:00  Marine  
  26  3:07  Personal Cloaking  
  26  3:12  Factory Tech Lab  
  26  3:19  Barracks Tech Lab  
  26  3:37  Ghost  
  29  3:50  Widow Mine  
  31  3:58  Ghost Academy  
  31  4:02  Supply Depot  
  31  4:24  Supply Depot  
  31  4:33  Nuke  
  31  4:36  Nuke  
  31  4:44  Siege Tank  
  34  5:07  Barracks  
  34  5:13  Starport  
  34  5:18  SCV  
  35  5:30  SCV  
  36  5:57  Siege Tank  
Show
View Real Time Build Order
Export as new Build Order

iPlayDefense Terran 

Build Orders:  

Get SALT Encoding   

  12  0:00  SCV  
  13  0:18  Supply Depot  
  13  0:19  SCV  
  14  0:32  SCV  
  15  0:44  SCV  
  15  0:49  Barracks  
  16  0:56  SCV, Refinery  
  17  1:08  SCV  
  18  1:38  Orbital Command  
  18  1:45  Command Center  
  18  1:50  Barracks Reactor  
  18  1:57  Supply Depot  
  18  2:07  SCV  
  19  2:19  SCV, Refinery  
  20  2:24  Supply Depot  
  20  2:30  Marine x2  
  20  2:31  SCV  
  23  2:46  SCV  
  23  2:47  Marine  
  23  2:48  Marine  
  26  2:57  Orbital Command  
  26  2:58  SCV  
  27  3:04  Supply Depot  
  27  3:10  SCV  
  28  3:22  SCV  
  28  3:23  Marine  
  28  3:24  Marine  
  31  3:27  Supply Depot  
  31  3:34  Supply Depot, SCV  
  31  3:40  SCV  
  33  3:41  Marine  
  33  3:46  SCV  
  35  3:49  Supply Depot  
  35  3:52  SCV  
  36  3:56  Factory  
  36  3:58  SCV  
  37  4:04  SCV  
  37  4:05  Barracks  
  38  4:11  SCV, Barracks  
  39  4:21  SCV  
  39  4:23  SCV, Marine x2  
  43  4:30  Supply Depot  
  43  4:33  SCV  
  43  4:35  SCV  
  45  4:41  Marine x2  
  47  4:56  Supply Depot  
  47  5:05  Factory Tech Lab  
  47  5:06  Barracks Tech Lab x2  
  47  5:13  SCV  
  47  5:14  SCV  
  49  5:15  Marine x2  
  49  5:20  Supply Depot  
  51  5:24  Supply Depot  
  51  5:26  SCV x2  
  51  5:28  Siege Tank  
  56  5:32  Marine  
  56  5:33  Marine  
  58  5:42  Supply Depot  
  58  6:00  Siege Tank  
  59  6:05  Supply Depot  
  59  6:28  Supply Depot  
Tags
 
Matchup
TvT
Race
Terran
Replay Pack
DaveSC2
Spawn Locations
Cross Positions
Add a new tag
Caveats
  • Supply blocks, unpowered buildings, or Contaminate may cause inaccurate times.
  • Supply counts are checked every 10 seconds.